 Dungeon Crawl Stone Soup version 0.27-a0-46-g34d46f0a3f (webtiles) character file.

Game seed: 12018489541765137335

737 Borgoz the Ruffian (level 7, -2/59 HPs)
             Began as a Ghoul Gladiator on Jan 6, 2021.
             Was an Initiate of Okawaru.
             Slain by Sigmund
             ... wielding a +0 scythe
              (6 damage)
             ... on level 6 of the Dungeon.
             The game lasted 00:05:38 (4486 turns).

Borgoz the Ruffian (Ghoul Gladiator)                Turns: 4486, Time: 00:05:38

Health: -2/59      AC: 10    Str: 20    XL:     7   Next: 74%
Magic:  6/6        EV: 11    Int:  3    God:    Okawaru [......]
Gold:   206        SH:  4    Dex: 10    Spells: 6/6 levels left

rFire    . . .     SeeInvis .     - Unarmed
rCold    + . .     Faith    .   k - +0 buckler
rNeg     + + +     Spirit   .   d - +0 scale mail
rPois    ∞         Reflect  .   b - +0 helmet
rElec    .         Harm     .   p - +0 cloak
rCorr    .         Rampage  .   (no gloves)
Will     +....                  n - +0 pair of boots
Stlth    ..........             (no amulet)
HPRegen  0.00/turn              a - ring of willpower
MPRegen  0.10/turn              (no ring)

@: mighty, about to teleport
A: claws 1, cold resistance 1, negative energy resistance 3, inhibited
regeneration, torment resistance, unbreathing
a: Renounce Religion


You were on level 6 of the Dungeon.
You worshipped Okawaru.
Okawaru was noncommittal.
You visited 2 branches of the dungeon, and saw 7 of its levels.

You collected 206 gold pieces.

Inventory:

Missiles
 c - 4 throwing nets (quivered)
Armour
 b - a +0 helmet (worn)
 d - a +0 scale mail (worn)
 k - a +0 buckler (worn)
 n - a +0 pair of boots (worn)
 p - a +0 cloak (worn)
Jewellery
 a - a ring of willpower (left claw)
Wands
 m - a wand of digging (6)
 r - a wand of iceblast (9)
 s - a wand of flame (15)
Scrolls
 e - 2 scrolls of fear {unknown}
 j - 3 scrolls of teleportation
 l - a scroll of amnesia {unknown}
 o - 2 scrolls of remove curse
 t - a scroll of enchant armour {unknown}
 u - a scroll of noise {unknown}
 v - 2 scrolls of identify
Potions
 f - a potion of flight
 g - 2 potions of magic
 h - a potion of resistance
 i - a potion of haste


   Skills:
 + Level 4.2 Fighting
 - Level 1.7 Throwing
 + Level 2.8 Armour
 + Level 4.1 Dodging
 + Level 2.6 Shields
 * Level 6.2 Unarmed Combat


You had 6 spell levels left.
You didn't know any spells.
Your spell library was empty.

Dungeon Overview and Level Annotations

Branches:
Dungeon (6/15)             Temple (1/1) D:5

Altars:
Ashenzari
Cheibriados
Fedhas
Gozag
Hepliaklqana
Kikubaaqudgha
Makhleb
Okawaru
Qazlal
Sif Muna
Trog
Uskayaw
Vehumet
Wu Jian
Yredelemnul
Zin

Annotations:
D:3 , 2 transporters
D:6 Sigmund


Innate Abilities, Weirdness & Mutations

You thrive by killing the living.
You are immune to poison.
You have sharp fingernails.
Your flesh is cold resistant. (rC+)
You are immune to negative energy. (rN+++)
You do not regenerate when monsters are visible.
You are immune to unholy pain and torment.
You can survive without breathing.


Message History

You barely miss the orc priest.
The orc priest is almost dead.
The orc priest casts a cantrip, but nothing happens.
The orc hits you with a +0 flail. The orc hits you but does no damage.
The orc warrior hits you from afar with a +0 halberd.
You are too injured to fight recklessly!
You are too injured to fight recklessly!
You closely miss the orc priest.
The orc priest is almost dead.
The orc priest mumbles some strange prayers to Beogh against you.
Beogh smites you!
* * * LOW HITPOINT WARNING * * *
The orc hits you with a +0 hand axe.
* * * LOW HITPOINT WARNING * * *
The orc barely misses you. You block the orc warrior's attack.
Okay, then.
As you read the scroll labelled JODYRI SAVADUCLA, it crumbles to dust.
You feel strangely unstable.
It was a scroll of teleportation.
Something hits you.
You die...

. . .. #. ...
#.########## ....
#..........# .....
#.........o#o..$..
#........@ool....
#........o#......
#.............##.
##..............
#................
#................
#................
#...............
##.............


You could see an orc warrior, an iguana, an orc priest and 3 orcs.

Vanquished Creatures
  An ogre (D:5)
  A water moccasin zombie (D:4)
  A howler monkey (D:5)
  3 hounds
  Crazy Yiuf (D:3)
  A jelly (D:5)
  2 orc wizards (D:5)
  Natasha (thrice) (D:3)
  3 worker ants
  2 hound skeletons (D:4)
  3 gnolls (D:5)
  7 adders
  A white imp (D:5)
  An ooze (D:1)
  3 worms
  A dart slug (D:2)
  3 orcs (D:5)
  2 ball pythons
  8 bats
  7 giant cockroaches
  7 goblins
  5 hobgoblins
  11 jackals
  9 kobolds
  4 quokkas
  4 frilled lizards
  A quokka skeleton (D:5)
  6 rats
101 creatures vanquished.

Vanquished Creatures (others)
  6 plants (D:3)
6 creatures vanquished.

Grand Total: 107 creatures vanquished

Notes
Turn   | Place    | Note
-------+----------+-------------------------------------------
     0 | D:1      | Borgoz the Ghoul Gladiator began the quest for the Orb.
     0 | D:1      | Reached XP level 1. HP: 17/17 MP: 0/0
   472 | D:1      | Reached XP level 2. HP: 19/25 MP: 1/1
  1055 | D:1      | Reached XP level 3. HP: 27/30 MP: 2/2
  1209 | D:2      | Reached skill level 1 in Armour
  1374 | D:2      | Reached skill level 4 in Unarmed Combat
  1724 | D:2      | Found an ornate altar of the Wu Jian Council.
  1851 | D:2      | Reached XP level 4. HP: 37/37 MP: 3/3
  2105 | D:3      | Found a runed translucent door.
  2106 | D:3      | Noticed Crazy Yiuf
  2154 | D:3      | Noticed Natasha
  2156 | D:3      | Found a radiant altar of Vehumet.
  2170 | D:3      | Killed Natasha
  2183 | D:3      | Noticed Natasha
  2210 | D:3      | Killed Natasha
  2211 | D:3      | Reached skill level 1 in Shields
  2211 | D:3      | Reached XP level 5. HP: 27/44 MP: 4/4
  2476 | D:3      | Identified the +0 ring mail of an ice cave {rF+++ rCorr
                  | Int+5 Stlth-}
  2499 | D:3      | Found a transporter.
  2543 | D:3      | Noticed Natasha
  2551 | D:3      | Killed Natasha
  2613 | D:3      | Found a transporter.
  2746 | D:3      | Killed Crazy Yiuf
  2870 | D:4      | Reached skill level 5 in Unarmed Combat
  2870 | D:4      | Reached XP level 6. HP: 47/51 MP: 5/5
  3494 | D:5      | Entered Level 5 of the Dungeon
  3517 | D:5      | Reached XP level 7. HP: 44/58 MP: 6/6
  3706 | D:5      | Found a staircase to the Ecumenical Temple.
  3716 | Temple   | Entered the Ecumenical Temple
  3789 | Temple   | Became a worshipper of Warmaster Okawaru
  3839 | D:5      | Found a hazy altar of Hepliaklqana.
  3981 | D:5      | Reached skill level 6 in Unarmed Combat
  4478 | D:6      | Noticed Sigmund
  4486 | D:6      | Slain by Sigmund

Illustrated notes

Levels and vault maps discovered:
D:1:      dpeg_arrival_refuge, layout_basic
D:2:      layout_basic, lemuel_coloured_pillars_altar
D:3:      layout_basic, vehumet_crystals, gammafunk_ghost_gnarly_gnolls,
          uniq_crazy_yiuf_cottage, uniq_natasha
D:4:      layout_loops_ring
D:5:      layout_gridville, general_overflow_altar, minmay_temple_entry_grid,
          minmay_misc_feat_roman, kennysheep_cross_room, minivault_26
D:6:      layout_rooms, lemuel_doored_altar, overflow_temple_1_default,
          minmay_mini_ossuary, uniq_sigmund
Temple:   cyrus_circular_temple

Skill      XL: |  1  2  3  4  5  6  7 |
---------------+----------------------+-----
Armour         | 1 2 |  2.8
Dodging        | 3 4 |  4.1
Unarmed Combat | 4 5 6 |  6.2
Shields        | 1 2 |  2.6
Fighting       | 3 4 |  4.2
Throwing       | |  1.7

Action                   |  1- 3 |  4- 6 |  7- 9 || total
-------------------------+-------+-------+-------++-------
Melee: Unarmed           |   121 |   179 |   112 ||   412
       Punch             |     1 |       |       ||     1
Throw: Throwing net      |       |     1 |       ||     1
  Use: Potion            |       |     1 |     1 ||     2
       Scroll            |       |    11 |     2 ||    13
Armor: Scale mail        |    51 |    83 |    79 ||   213
       Leather armour    |     1 |       |       ||     1
Dodge: Dodged            |    57 |    82 |   102 ||   241
Block: Buckler           |    13 |    18 |    30 ||    61

Table legend: (Time is in decaauts)
 A = Elapsed time spent in this place.
 B = Non-inter-level travel time spent in this place.
 C = Inter-level travel time spent in this place.
 D = Time resting spent in this place.
 E = Time spent auto-exploring this place.
 F = Levels seen in this place.
 G = Mean time per level.
                   A        B        C        D        E       F      G
               +--------+--------+--------+--------+--------+-----+--------+
         Total |   4456 |   4260 |    196 |    438 |   3038 |   7 |  636.6 |
       Dungeon |   4369 |   4206 |    163 |    438 |   2995 |   6 |  728.2 |
        Temple |     86 |     53 |     33 |      0 |     43 |   1 |   86.0 |
               +--------+--------+--------+--------+--------+-----+--------+

Top non-repeatable levels by time:
     D:1: 1188 daAuts
     D:3: 887 daAuts
     D:5: 801 daAuts
     D:2: 761 daAuts
     D:4: 639 daAuts
     D:6: 91 daAuts
  Temple: 86 daAuts
